 Dungeon Crawl Stone Soup version 0.30.0-15-g856e2d3f33 (webtiles) character file.

Game seed: 12394146410116220792

77 monsoonserge the Ducker (level 4, -8/27 HPs)
             Began as a Deep Elf Monk on May 19, 2023.
             Mangled by a gnoll
             ... wielding a +0 flail
              (9 damage)
             ... on level 2 of the Dungeon.
             The game lasted 00:05:51 (1271 turns).

monsoonserge the Ducker (Deep Elf Monk)             Turns: 1271, Time: 00:05:52

Health: -8/27      AC:  4    Str:  8    XL:     4   Next: 13%
Magic:  2/6        EV: 13    Int: 17    God:
Gold:   52         SH:  0    Dex: 17    Spells: 1/3 levels left

rFire   . . .        k - +0 short sword
rCold   . . .        d - orb {light}
rNeg    . . .        e - +0 leather armour
rPois   .            (no helmet)
rElec   .            j - +0 cloak
rCorr   .            (no gloves)
SInv    .            (no boots)
Will    .....        (no amulet)
Stlth   +            (no ring)
HPRegen 0.24/turn    (no ring)
MPRegen 0.10/turn

%: no passive effects
@: glowing
A: no striking features
a: no special abilities


You were on level 2 of the Dungeon.
You visited 1 branch of the dungeon, and saw 2 of its levels.

You collected 52 gold pieces.

Inventory:

Hand Weapons
 a - a +0 falchion
 k - a +0 short sword (weapon)
Missiles
 m - 5 poisoned darts (quivered)
Armour
 b - a +0 scale mail
 d - an orb of light (worn)
 e - a +0 leather armour (worn)
 f - +0 storm dragon scales
 j - a +0 cloak (worn)
Scrolls
 g - a scroll of vulnerability {unknown}
 h - 2 scrolls of identify {unknown}
 i - a scroll of teleportation {unknown}
Potions
 c - 2 potions of ambrosia


   Skills:
 + Level 2.9 Fighting
 + Level 1.0(2.3) Short Blades
 + Level 3.0(3.1) Long Blades
 * Level 1.3 Armour
 + Level 4.1 Dodging
 * Level 0.3 Spellcasting
 * Level 0.3 Hexes
 * Level 0.4 Ice Magic


You had one spell level left.
You knew the following spells:

 Your Spells              Type           Power      Damage    Failure   Level
a - Ensorcelled Hibernat  Hex/Ice        2%         N/A       38%         2

Your spell library contained the following spells:

 Spells                   Type           Power      Damage    Failure   Level
 Passwall                 Tmut/Erth      0%         N/A       43%         2
 Swiftness                Air            0%         N/A       67%         3


Dungeon Overview and Level Annotations

Branches:
Dungeon (2/15)

Altars:


Message History

You hit the gnoll.
The gnoll is almost dead.
The gnoll closely misses you.
You hit the gnoll.
You kill the gnoll!
Your base Short Blades skill increases to level 1!
It was a potion of curing.
You feel better. The gnoll barely misses you.
Press: ? - help, v - describe, . - travel, g - get item
Here: a gnoll, wielding a +0 flail (haloed)
Items here: )) ††.
An open door, spattered with blood.
You hit the gnoll but do no damage. The gnoll hits you with a +0 flail.
You hit the gnoll.
The gnoll is lightly wounded.
The gnoll closely misses you.
You hit the gnoll.
The gnoll is moderately wounded.
The gnoll hits you with a +0 flail.
You hit the gnoll.
The gnoll is heavily wounded.
You hit the gnoll.
The gnoll is severely wounded.
The gnoll closely misses you.
You hit the gnoll.
The gnoll is almost dead.
The gnoll hits you with a +0 flail.
You hit the gnoll.
You kill the gnoll!
You have reached level 4!
You feel clever.
You barely miss the gnoll. The gnoll hits you with a +0 flail.
Your magical contamination has completely faded away.
You hit the gnoll.
The gnoll is moderately wounded.
The gnoll hits you with a +0 flail!
* * * LOW HITPOINT WARNING * * *
You hit the gnoll.
The gnoll is heavily wounded.
The gnoll hits you with a +0 flail!
You die...

######### #........
#........ #........
#......!.
#######........#######
#....@g........+......
#.#####..$.....####### #.#
#.......$ #.# #........
#.# #........
############.#######.(....
............>.............
.########...###########...
............##########
####


You could see a gnoll.

Vanquished Creatures
  2 adders (D:2)
  2 gnolls (D:2)
  7 endoplasms
  3 giant cockroaches
  2 goblins (D:1)
  3 hobgoblins (D:1)
  2 jackals (D:2)
  2 quokkas (D:1)
  2 ball pythons
  3 bats
  2 frilled lizards
  2 kobolds (D:2)
  4 rats
36 creatures vanquished.

Notes
Turn   | Place    | Note
-------+----------+-------------------------------------------
     0 | D:1      | monsoonserge the Deep Elf Monk began the quest for the Orb.
     0 | D:1      | Reached XP level 1. HP: 13/13 MP: 3/3
   151 | D:1      | Reached XP level 2. HP: 14/18 MP: 4/4
   449 | D:1      | Reached skill level 4 in Dodging
   739 | D:2      | Reached XP level 3. HP: 20/22 MP: 5/5
   756 | D:2      | Learned a level 2 spell: Ensorcelled Hibernation
   946 | D:2      | Reached skill level 1 in Armour
  1261 | D:2      | Reached skill level 1 in Short Blades
  1269 | D:2      | Reached XP level 4. HP: 11/27 MP: 2/6
  1270 | D:2      | HP: 1/27 [gnoll/+0 flail (9)]
  1271 | D:2      | Mangled by a gnoll

Illustrated notes

Levels and vault maps discovered:
D:1:      saegor_arrival_simple_e, layout_loops_ring
D:2:      layout_basic, grunt_decor_mini_mirrors

Skill      XL: |  1  2  3 |
---------------+----------+-----
Dodging        | 4 |  4.1
Long Blades    | 3 |  3.0
Armour         | 1 |  1.3
Short Blades   | 1 |  1.0
Fighting       | |  2.9
Spellcasting   | |  0.3
Hexes          | |  0.3
Ice Magic      | |  0.4

Action                     |  1- 3 |  4- 6 || total
---------------------------+-------+-------++-------
  Melee: Falchion          |    45 |       ||    45
         Short sword       |    72 |     3 ||    75
   Cast: Ensorcelled Hiber |     2 |       ||     2
    Use: Potion            |     1 |       ||     1
 Armour: Robe              |     1 |       ||     1
         Leather armour    |    20 |       ||    20
         Storm dragon scal |     1 |       ||     1
  Dodge: Dodged            |    86 |       ||    86
